 Dungeon Crawl Stone Soup version 0.23.1-37-gaa34b87b72 (webtiles) character file.

Game seed: 8615616407223814196

102 PikkenKukken the Poker (level 4, -8/35 HPs)
             Began as a Merfolk Gladiator on Mar 20, 2019.
             Blown up by Ijyb (22 damage)
             ... with a wand of disintegration (9)
             ... on level 3 of the Dungeon.
             The game lasted 00:03:06 (1493 turns).

PikkenKukken the Poker (Merfolk Gladiator)          Turns: 1493, Time: 00:03:07

Health: -8/35      AC:  7    Str: 15    XL:     4   Next: 78%
Magic:  4/4        EV: 13    Int:  7    God:
Gold:   61         SH:  0    Dex: 15    Spells: 3/3 levels left

rFire    . . .     SeeInvis .   a - +0 trident
rCold    . . .     Gourm    .   (no shield)
rNeg     . . .     Faith    .   j - +0 ring mail
rPois    .         Spirit   .   c - +0 helmet
rElec    .         Reflect  .   i - +0 cloak
rCorr    .         Harm     .   (no gloves)
MR       .....                  (no boots)
Stlth    +.........             (no amulet)
HPRegen  0.11/turn              (no ring)
MPRegen  0.09/turn              (no ring)

@: no status effects
A: change form in water, swift swim, stealthy swim
a: no special abilities


You were on level 3 of the Dungeon.
You were not hungry.

You visited 1 branch of the dungeon, and saw 3 of its levels.

You collected 61 gold pieces.

Inventory:

Hand Weapons
 a - a +0 trident (weapon)
Missiles
 d - 3 throwing nets (quivered)
Armour
 b - a +0 leather armour
 c - a +0 helmet (worn)
 h - a scarf of repulsion
 i - a +0 cloak (worn)
 j - a +0 ring mail (worn)
Scrolls
 l - a scroll of identify
Potions
 e - a potion of resistance {unknown}
 k - 3 potions of degeneration {unknown}
 m - 2 potions of heal wounds {unknown}
 p - a potion of curing {unknown}
Comestibles
 f - 4 rations
 g - 4 chunks of flesh


   Skills:
 + Level 3.2 Fighting
 + Level 5.5 Polearms
 - Level 2.0 Throwing
 + Level 1.2 Armour
 + Level 5.0 Dodging


You had 3 spell levels left.
You didn't know any spells.
Your spell library was empty.

Dungeon Overview and Level Annotations

Branches:
Dungeon (3/15)

Altars:
Ashenzari
Dithmenos
Makhleb

Annotations:
D:3 Ijyb, Terence


Message History

Terence the Incautious comes into view.
He is wielding a +0 short sword.
Ijyb the Twisted Goblin comes into view.
She is carrying a wand of disintegration (10).
You see here 10 gold pieces.
Attack whom?
Press: ? - help, Dir - move target cursor, f - kobold
Aim: a kobold You reach to attack!
Terence shouts!
You puncture the kobold!
You kill the kobold!
You hear an angry hiss.
Ijyb zaps a wand.
You are blasted!
Ouch! That really hurt!
An adder comes into view.
Some of the chunks of flesh in your inventory have rotted away.
Found a stone staircase leading down.
You see here 14 stones.
Ijyb zaps a wand.
You are blasted!
Ouch! That really hurt!
You die...

.......#$......#
#...#.#.g...#..
#.#.#.@..##.#.
#.#..##....... #####
#.##.##.#..##.# ....#
#.##........#
#.#.######.##..#.###.#
...........##..(.# ...
#.#...........#.@# ##
#.#....########..#
..#....# #..# ###....#
##.# #....# #.# #(...#
#>. .##### ###


You could see Ijyb and Terence.

Vanquished Creatures
  A hound (D:2)
  An adder (D:2)
  4 dart slugs
  2 worms
  2 leopard geckos
  6 bats (D:1)
  5 giant cockroaches
  8 hobgoblins
  4 jackals (D:1)
  3 kobolds
  4 frilled lizards
  4 goblins
  4 rats
48 creatures vanquished.

Notes
Turn   | Place    | Note
-------+----------+-------------------------------------------
     0 | D:1      | PikkenKukken the Merfolk Gladiator began the quest for the
                  | Orb.
     0 | D:1      | Reached XP level 1. HP: 16/16 MP: 1/1
    86 | D:1      | Reached XP level 2. HP: 22/23 MP: 2/2
   216 | D:1      | Reached XP level 3. HP: 23/28 MP: 3/3
   455 | D:1      | Reached skill level 5 in Polearms
   850 | D:2      | Reached skill level 1 in Armour
   995 | D:2      | Reached XP level 4. HP: 26/34 MP: 4/4
  1262 | D:2      | Found a shattered altar of Ashenzari.
  1271 | D:2      | Found a shadowy altar of Dithmenos.
  1414 | D:2      | Found a burning altar of Makhleb.
  1476 | D:3      | Reached skill level 5 in Dodging
  1483 | D:3      | Noticed Terence
  1483 | D:3      | Noticed Ijyb
  1493 | D:3      | Blown up by Ijyb

Skill      XL: |  1  2  3  4 |
---------------+-------------+-----
Polearms       | 5 |  5.5
Armour         | 1 |  1.2
Fighting       | 3 |  3.2
Dodging        | 5 |  5.0
Throwing       | |  2.0

Action                   |  1- 3 |  4- 6 || total
-------------------------+-------+-------++-------
Melee: Trident           |   144 |    45 ||   189
  Use: Scroll            |     1 |     2 ||     3
  Eat: Chunk             |     1 |     1 ||     2
Armor: Leather armour    |    16 |       ||    16
       Ring mail         |    17 |    10 ||    27
Dodge: Dodged            |    76 |    17 ||    93
